 Dungeon Crawl Stone Soup version 0.28.0-47-ge53b351184 (webtiles) character file.

Game seed: 6739494100842623512

302 hwolsky the Covered (level 6, 0/53 HPs)
             Began as a Hill Orc Fighter on Apr 28, 2022.
             Was a Believer of Elyvilon.
             Slain by a jelly (1 damage)
             ... on level 4 of the Dungeon.
             The game lasted 00:28:00 (3487 turns).

hwolsky the Covered (Hill Orc Fighter)              Turns: 3487, Time: 00:28:00

Health: 0/53       AC:  8    Str: 21    XL:     6   Next: 37%
Magic:  6/6        EV:  7    Int:  8    God:    Elyvilon [**....]
Gold:   193        SH:  4    Dex: 10    Spells: 5/5 levels left

rFire   . . .      SeeInvis .   g - +3 dagger (protect)
rCold   . . .      Faith    .   c - +0 buckler
rNeg    . . .      Spirit   .   i - +0 chain mail
rPois   +          Reflect  .   (no helmet)
rElec   .          Harm     .   (no cloak)
rCorr   .          Rampage  .   (no gloves)
Will    .....                   y - +2 pair of boots
Stlth   ..........              (no amulet)
HPRegen 0.17/turn               s - ring of poison resistance
MPRegen 0.10/turn               (no ring)

@: mighty, corroded, under a protective aura
A: no striking features
a: Renounce Religion, Purification, Heal Other


You were on level 4 of the Dungeon.
You worshipped Elyvilon.
Elyvilon was pleased with you.
You visited 1 branch of the dungeon, and saw 4 of its levels.

You collected 193 gold pieces.

Inventory:

Hand Weapons
 a - a +0 long sword
 f - a +0 club
 g - a +3 dagger of protection (weapon)
 j - a +0 short sword
 n - a +0 club
 o - a +0 club
 p - a +0 club
 q - a +0 whip
 w - a +0 club
 D - a +0 dagger
 E - a +0 long sword
 F - a +0 dagger
Missiles
 e - 51 stones (quivered)
 r - 10 poisoned darts
 t - 27 bolts
 A - 18 arrows
 B - 35 sling bullets
Armour
 c - a +0 buckler (worn)
 h - a +0 scale mail
 i - a +0 chain mail (worn)
 m - a +0 robe
 y - a +2 pair of boots (worn)
 z - a +0 pair of boots
Magical Staves
 v - a staff of death
Jewellery
 s - a ring of poison resistance (left hand)
Scrolls
 b - a scroll of silence
 k - 4 scrolls of identify
Potions
 C - a potion of lignification {unknown}


   Skills:
 + Level 4.5 Fighting
 + Level 0.7(2.6) Short Blades
 + Level 4.4(4.5) Long Blades
 + Level 0.1 Staves
 + Level 4.9 Armour
 + Level 1.3 Dodging
 + Level 0.3 Stealth
 + Level 3.8 Shields


You had 5 spell levels left.
You didn't know any spells.
Your spell library contained the following spells:

 Spells                   Type           Power      Damage    Failure   Level
 Apportation              Tloc           0%         N/A       99%         1
 Animate Dead             Necr           0%         N/A       100%        4
 Alistair's Intoxication  Tmut/Pois      0%         N/A       100%        5
 Haunt                    Necr/Summ      0%         N/A       100%        7
 Infestation              Necr           0%         N/A       100%        8


Dungeon Overview and Level Annotations

Branches:
Dungeon (4/15)
 Temple: D:4-7

Altars:
Elyvilon
Fedhas
Hepliaklqana


Message History

You hit the jelly.
Your hands burn!
The jelly is moderately wounded.
The jelly hits you. The acid corrodes you!
You are splashed with acid!
You hit the jelly. The acid corrodes you!
Your hands burn!
The jelly is moderately wounded.
The jelly closely misses you.
You hit the jelly but do no damage.
Your hands burn!
The jelly is moderately wounded.
You barely miss the jelly.
The jelly is moderately wounded.
The jelly hits you but does no damage.
You hit the jelly.
Your hands burn!
The jelly is severely wounded.
The jelly hits you.
You are splashed with acid.
You hit the jelly but do no damage.
Your hands burn!
* * * LOW HITPOINT WARNING * * *
The jelly is severely wounded.
The jelly barely misses you.
You hit the jelly but do no damage.
Your hands burn!
* * * LOW HITPOINT WARNING * * *
The jelly is heavily wounded.
The jelly hits you but does no damage.
You hit the jelly. The acid corrodes you!
Your hands burn!
* * * LOW HITPOINT WARNING * * *
The jelly is severely wounded.
The jelly hits you.
* * * LOW HITPOINT WARNING * * *
You are splashed with acid!
Elyvilon protects you from harm!
You hit the jelly.
Your hands burn!
* * * LOW HITPOINT WARNING * * *
The jelly is almost dead.
The jelly hits you but does no damage.
You feel very mighty all of a sudden. The jelly barely misses you.
You hit the jelly but do no damage.
Your hands burn!
* * * LOW HITPOINT WARNING * * *
The jelly is almost dead.
The jelly hits you.
You die...

#. #........# #.
#........# #.
#......$.#
#.##.....#..####
#........(......
#.....J..#......
#...###....>....
#####J#
##.#.....#
#..<.@#
.........
#######
..#......# $..
......# #...
....#.. ....
###.#.# ##### .#


You could see a jelly.

Vanquished Creatures
  An orc priest (D:3)
  2 iguanas (D:3)
  Natasha (twice) (D:3)
  A gnoll (D:3)
  8 adders
  2 dart slugs
  4 orcs (D:3)
  6 bats (D:1)
  7 endoplasms
  14 giant cockroaches
  6 hobgoblins
  6 kobolds
  3 quokkas
  5 ball pythons
  5 frilled lizards
  6 goblins
  4 rats
82 creatures vanquished.

Vanquished Creatures (others)
  5 fungi (D:1)
  5 plants (D:1)
10 creatures vanquished.

Grand Total: 92 creatures vanquished

Notes
Turn   | Place    | Note
-------+----------+-------------------------------------------
     0 | D:1      | hwolsky the Hill Orc Fighter began the quest for the Orb.
     0 | D:1      | Reached XP level 1. HP: 19/19 MP: 1/1
   155 | D:1      | Reached XP level 2. HP: 23/27 MP: 2/2
   260 | D:1      | Reached XP level 3. HP: 9/33 MP: 3/3
   682 | D:1      | Found a faded altar of an unknown god.
   756 | D:1      | Prayed at the altar of an unknown god.
   756 | D:1      | Became a worshipper of Elyvilon the Healer
   756 | D:1      | Reached * piety under Elyvilon
  1293 | D:2      | Reached XP level 4. HP: 38/40 MP: 4/4
  1304 | D:2      | Reached skill level 1 in Dodging
  1421 | D:2      | Was placed under penance by Elyvilon
  1705 | D:3      | Found a white marble altar of Elyvilon.
  1734 | D:3      | Reached XP level 5. HP: 44/46 MP: 5/5
  1746 | D:3      | Was forgiven by Elyvilon
  1842 | D:3      | Found a hazy altar of Hepliaklqana.
  2391 | D:3      | Found a blossoming altar of Fedhas.
  2438 | D:3      | Reached XP level 6. HP: 14/53 MP: 6/6
  2719 | D:3      | Reached ** piety under Elyvilon
  2742 | D:3      | Noticed Natasha
  2760 | D:3      | Killed Natasha
  2776 | D:3      | Noticed Natasha
  2791 | D:3      | Killed Natasha
  3484 | D:4      | Elyvilon protects you from harm!
  3487 | D:4      | HP: 1/53 [acid (4)]
  3487 | D:4      | Slain by a jelly

Illustrated notes

Levels and vault maps discovered:
D:1:      dpeg_arrival_signposts, layout_basic, dreamdust_ecumenical_altar_grove
D:2:      minmay_roachtagon, layout_loops_ring
D:3:      layout_basic, nzn_hepliaklqana_mist_gate,
          mainiacjoe_overflow_tiny_flanked,
          mainiacjoe_overflow_concentric_impassable,
          corexii_item_surrounded_by_moat, hex_large, minmay_starry_boxes,
          uniq_natasha
D:4:      layout_basic, gammafunk_temple_overflow_wave, minmay_puff

Skill      XL: |  1  2  3  4  5 |
---------------+----------------+-----
Fighting       | 4 |  4.5
Long Blades    | 3 4 |  4.4
Dodging        | 1 |  1.3
Armour         | 4 |  4.9
Short Blades   | |  0.7
Staves         | |  0.1
Stealth        | |  0.3
Shields        | |  3.8

Action                   |  1- 3 |  4- 6 || total
-------------------------+-------+-------++-------
Melee: Long sword        |   122 |    73 ||   195
       Staff             |       |     6 ||     6
       Dagger            |       |   134 ||   134
  Use: Potion            |     1 |     3 ||     4
       Scroll            |     3 |     3 ||     6
Armor: Scale mail        |    51 |    84 ||   135
       Chain mail        |       |    16 ||    16
Dodge: Dodged            |    62 |    90 ||   152
Block: Buckler           |    27 |    37 ||    64
